 Dungeon Crawl Stone Soup version 0.23.2-1-ga50397a6bc (webtiles) character file.

Game seed: 737549632213325082

100 GreenRAT the Skirmisher (level 4, 0/29 HPs)
             Began as a Gargoyle Monk on May 17, 2019.
             Was a Believer of Wu Jian.
             Slain by a goblin
             ... wielding a +0 club
             ... led by Robin
              (4 damage)
             ... on level 3 of the Dungeon.
             The game lasted 00:22:51 (2193 turns).

GreenRAT the Skirmisher (Gargoyle Monk)             Turns: 2193, Time: 00:22:52

Health: 0/29       AC:  6    Str: 15    XL:     4   Next: 74%
Magic:  4/4        EV: 13    Int: 10    God:    Wu Jian [**....]
Gold:   124        SH:  0    Dex: 13    Spells: 3/3 levels left

rFire    . . .     SeeInvis .   f - +1 spear (venom)
rCold    . . .     Gourm    .   (no shield)
rNeg     + . .     Faith    .   z - +0 leather armour
rPois    ∞         Spirit   .   (no helmet)
rElec    +         Reflect  .   (no cloak)
rCorr    .         Harm     .   (no gloves)
MR       .....                  (no boots)
Stlth    ++........             (no amulet)
HPRegen  0.09/turn              (no ring)
MPRegen  0.09/turn              (no ring)

@: no status effects
A: negative energy resistance 1, electricity resistance, unbreathing,
petrification resistance, rot immunity, AC +3
a: Wall Jump, Renounce Religion


You were on level 3 of the Dungeon.
You worshipped Wu Jian.
Wu Jian was pleased with you.
You were hungry.

You visited 1 branch of the dungeon, and saw 3 of its levels.

You collected 124 gold pieces.

Inventory:

Hand Weapons
 a - a +0 mace
 d - a +0 mace
 e - a +0 dagger
 f - a +1 spear of venom (weapon)
 m - a +0 club
 o - a +0 whip
 p - a +0 dagger of draining
 r - a +0 mace
 s - a +0 hunting sling
 u - a +0 hand axe
 y - a +0 whip
Missiles
 h - 19 sling bullets
 t - 35 arrows
Armour
 b - a +0 robe
 i - a +0 leather armour
 q - a +0 ring mail
 z - a +0 leather armour (worn)
Scrolls
 c - a scroll of teleportation {unknown}
 j - a scroll of fog {unknown}
 k - 4 scrolls of remove curse {unknown}
 l - 2 scrolls of magic mapping {unknown}
 w - 2 scrolls of noise {unknown}
 x - a scroll of identify {unknown}
 B - a scroll of blinking {unknown}
Potions
 g - a potion of invisibility {unknown}
 n - a potion of ambrosia {unknown}
 A - a potion of mutation {unknown}
Comestibles
 v - 3 rations


   Skills:
 + Level 3.8 Fighting
 + Level 3.2 Maces & Flails
 + Level 1.8 Polearms
 + Level 3.2 Dodging
 + Level 2.7 Stealth


You had 3 spell levels left.
You didn't know any spells.
Your spell library was empty.

Dungeon Overview and Level Annotations

Branches:
Dungeon (3/15)

Altars:
Cheibriados
Wu Jian

Annotations:
D:3 Robin


Innate Abilities, Weirdness & Mutations

You are resistant to torment.
Your stone body is resilient. (AC +3)
You are immune to poison.
You resist negative energy. (rN+)
You are resistant to electric shocks. (rElec)
You can survive without breathing.
You are immune to petrification.
You are immune to rotting.


Message History

You kill the goblin!
The Council accepts your kill.
Robin laughs in a distinctly smug fashion.
Robin throws the goblin at you! The goblin hits you with a +0 club.
* * * LOW HITPOINT WARNING * * *
You closely miss the goblin. The goblin hits you with a +0 club.
* * * LOW HITPOINT WARNING * * *
The goblin closely misses you. The goblin hits you but does no damage.
The goblin shouts!
You hit the goblin.
You kill the goblin!
The Council accepts your kill. Robin throws the goblin at you!
The goblin misses you. The goblin closely misses you.
The goblin barely misses you.
You hit the goblin but do no damage.
The goblin is poisoned.
The goblin no longer looks unusually strong.
Robin roars a battlecry!
The goblin goes into a battle-frenzy!
The goblin hits you with a +0 club.
You die...

########## #........#
#........#
#####...†....#
#g@g....†....######
###g###..............
.!..# #.gg#
#.............. ....#
###)###
#......<....... ....#
#gg.# ##.######......
%...# ##.### ...
#...... ....# ##..#
..## #....^. ....#
##..## #.# #......
....####..## ##.
##......


You could see Robin and 6 goblins.

Vanquished Creatures
  An adder (D:2)
  2 worms (D:2)
  2 dart slugs
  2 leopard geckos
  2 orcs (D:3)
  11 bats
  4 giant cockroaches
  17 goblins
  7 hobgoblins
  6 jackals
  5 kobolds
  A quokka (D:1)
  4 frilled lizards
  3 rats
67 creatures vanquished.

Notes
Turn   | Place    | Note
-------+----------+-------------------------------------------
     0 | D:1      | GreenRAT the Gargoyle Monk began the quest for the Orb.
     0 | D:1      | Reached XP level 1. HP: 14/14 MP: 1/1
   103 | D:1      | Reached XP level 2. HP: 19/19 MP: 2/2
   434 | D:1      | Reached XP level 3. HP: 23/23 MP: 3/3
   828 | D:2      | Reached skill level 1 in Polearms
  1428 | D:1      | Reached XP level 4. HP: 12/28 MP: 4/4
  1775 | D:2      | Found a snail-covered altar of Cheibriados.
  1816 | D:2      | Found an ornate altar of the Wu Jian Council.
  2022 | D:2      | Became a worshipper of the Wu Jian Council
  2022 | D:2      | Reached * piety under Wu Jian
  2022 | D:2      | Reached ** piety under Wu Jian
  2153 | D:3      | Noticed Robin
  2193 | D:3      | Slain by a goblin

Skill      XL: |  1  2  3 |
---------------+----------+-----
Dodging        | 3 |  3.2
Polearms       | 1 |  1.8
Fighting       | |  3.8
Maces & Flails | |  3.2
Stealth        | |  2.7

Action                   |  1- 3 |  4- 6 || total
-------------------------+-------+-------++-------
Melee: Spear             |   108 |    87 ||   195
Invok: Whirlwind         |       |    24 ||    24
 Stab: Sleeping          |     7 |       ||     7
  Eat: Ration            |     1 |       ||     1
Armor: Robe              |    43 |    11 ||    54
       Leather armour    |       |    15 ||    15
Dodge: Dodged            |   121 |    53 ||   174
